 Dungeon Crawl Stone Soup version 0.30-a0-50-gb2d611f6b1 (webtiles) character file.

Game seed: 17694241025298240979

79 jlumianski the Ducker (level 4, -7/34 HPs)
             Began as a Demonspawn Gladiator on Sept 4, 2022.
             Was an Initiate of Qazlal.
             Mangled by an iguana (10 damage)
             ... on level 3 of the Dungeon.
             The game lasted 00:13:30 (2298 turns).

jlumianski the Ducker (Demonspawn Gladiator)        Turns: 2298, Time: 00:13:30

Health: -7/34      AC:  6    Str: 14    XL:     4   Next: 17%
Magic:  0/5        EV: 12    Int: 13    God:    Qazlal [......]
Gold:   125        SH:  0    Dex: 15    Spells: 1/4 levels left

rFire   . . .      SeeInvis .    q - staff of poison
rCold   . . .      Faith    .    (no shield)
rNeg    . . .      Spirit   .    b - +0 leather armour
rPois   +          Reflect  .    c - +0 helmet
rElec   .          Harm     .    r - +0 cloak
rCorr   .          Rampage  .    h - +0 pair of gloves
Will    .....                    (no boots)
Stlth   +.........               t - amulet of regeneration
HPRegen 0.91/turn                (no ring)
MPRegen 0.09/turn                (no ring)

@: very slightly contaminated
A: big brain 1, demonic magic 1
a: Renounce Religion


You were on level 3 of the Dungeon.
You worshipped Qazlal.
Qazlal was noncommittal.
You visited 1 branch of the dungeon, and saw 4 of its levels.

You collected 125 gold pieces.

Inventory:

Hand Weapons
 a - a +0 war axe
 p - a +0 dagger of venom
Missiles
 d - 3 throwing nets (quivered)
 e - a javelin
 j - 6 poisoned darts
Armour
 b - a +0 leather armour (worn)
 c - a +0 helmet (worn)
 h - a +0 pair of gloves (worn)
 r - a +0 cloak (worn)
Magical Staves
 q - a staff of poison (weapon)
Jewellery
 t - an amulet of regeneration (around neck)
Scrolls
 f - a scroll of brand weapon {unknown}
 g - a scroll of poison {unknown}
 m - 2 scrolls of identify {unknown}
 n - a scroll of enchant armour {unknown}
 u - 2 scrolls of amnesia {unknown}
 y - a scroll of fog {unknown}
 z - a scroll of summoning {unknown}
 A - a scroll of blinking {unknown}
Potions
 i - 2 potions of ambrosia {unknown}
 k - 2 potions of heal wounds {unknown}
 l - a potion of lignification {unknown}
 o - a potion of invisibility {unknown}
 s - a potion of curing {unknown}
 v - a potion of haste {unknown}
 w - a potion of brilliance {unknown}
 x - a potion of attraction {unknown}
 B - a potion of flight {unknown}


   Skills:
 * Level 2.3 Fighting
 - Level 3.2 Axes
 * Level 0.1 Staves
 + Level 1.8 Throwing
 + Level 3.2 Dodging
 + Level 0.2 Stealth
 * Level 0.8 Spellcasting
 * Level 0.6 Transmutations
 * Level 0.9 Poison Magic
 * Level 1.1 Invocations


You had one spell level left.
You knew the following spells:

 Your Spells              Type           Power      Damage    Failure   Level
a - Sting                 Tmut/Pois      12%        1d3       26%         1
b - Poisonous Vapours     Pois/Air       4%         N/A       41%         2

Your spell library contained the following spells:

 Spells                   Type           Power      Damage    Failure   Level
 Magic Dart               Conj           0%         1d3       36%         1
 Call Imp                 Summ           0%         N/A       50%         2
 Mephitic Cloud           Conj/Pois/Air  2%         N/A       67%         3
 Call Canine Familiar     Summ           0%         N/A       73%         3
 Portal Projectile        Hex/Tloc       0%         N/A       73%         3
 Olgreb's Toxic Radiance  Pois           4%         N/A       94%         4
 Leda's Liquefaction      Hex/Erth       0%         N/A       98%         4
 Fireball                 Conj/Fire      0%         3d3       100%        5
 Iskenderun's Battlesphe  Conj           0%         2d6       100%        5
 Conjure Ball Lightning   Conj/Air       0%         3x3d6     100%        6
 Orb of Destruction       Conj           0%         9d5       100%        7


Dungeon Overview and Level Annotations

Branches:
Dungeon (4/15)
 Temple: D:4-7

Altars:
Okawaru
Qazlal
Sif Muna


Innate Abilities, Weirdness & Mutations

You have an unusually large brain. (Int +2)
Spells you cast may paralyse adjacent enemies.


Message History

The iguana bites you but does no damage.
Casting: Sting (safe; 26% risk of failure)
Confirm with . or Enter, or press ? or * to list all spells.
Aiming: Sting (safe; 26% risk of failure)
Press: ? - help, Shift-Dir - straight line, f/p - iguana
Aim: an iguana (moderately wounded, 69% to hit)
You feel a surge of power!
The sting misses the iguana.
Malevolent energies surge around you. The iguana bites you!
* * * LOW HITPOINT WARNING * * *
Okay, then.
Casting: Sting (safe; 26% risk of failure)
Confirm with . or Enter, or press ? or * to list all spells.
Aiming: Sting (safe; 26% risk of failure)
Press: ? - help, Shift-Dir - straight line, f/p - iguana
Aim: an iguana (moderately wounded, 69% to hit)
You feel a surge of power!
The sting misses the iguana.
Malevolent energies surge around you. The iguana closely misses you.
Casting: Sting (safe; 26% risk of failure)
Confirm with . or Enter, or press ? or * to list all spells.
Aiming: Sting (safe; 26% risk of failure)
Press: ? - help, Shift-Dir - straight line, f/p - iguana
Aim: an iguana (moderately wounded, 69% to hit)
You feel a surge of power!
You miscast Sting.
You are very lightly contaminated with residual magic.
Nothing appears to happen.
The iguana barely misses you.
Casting: Sting (safe; 26% risk of failure)
Confirm with . or Enter, or press ? or * to list all spells.
Aiming: Sting (safe; 26% risk of failure)
Press: ? - help, Shift-Dir - straight line, f/p - iguana
Aim: an iguana (moderately wounded, 69% to hit)
You feel a surge of power!
The sting hits the iguana but does no damage.
The iguana is poisoned.
The iguana is moderately wounded.
Malevolent energies surge around you. The iguana bites you!
* * * LOW HITPOINT WARNING * * *
You barely miss the iguana.
The iguana is heavily wounded.
The iguana barely misses you. The iguana bites you!
You die...

#.........###....# #... ###
#................####...
#.#
........................
#.#
.######.##......>.......
#<#
##########.##...)..........
#.#
#..........##..............
#.#
#.###########..............
#.# #.# ####.[.....####...
..# #.# #@............#...
###
#.########l###########.#...
#........... ...##
#####............. ###...
#.......#####+##.. ######.
#.###..### ⌠.⌠.#.# #......
#.....##.##....#.# #......
#####.8...#._..#.# #......
#.....#....#.# #......


You could see an iguana (poisoned).

Vanquished Creatures
  An adder (D:3)
  4 dart slugs
  7 ball pythons
  5 endoplasms
  3 giant cockroaches
  6 goblins
  6 hobgoblins
  2 jackals (D:2)
  5 quokkas
  3 bats
  4 frilled lizards
  6 kobolds
  2 rats
54 creatures vanquished.

Vanquished Creatures (others)
  6 plants (D:2)
6 creatures vanquished.

Grand Total: 60 creatures vanquished

Notes
Turn   | Place    | Note
-------+----------+-------------------------------------------
     0 | D:1      | jlumianski the Demonspawn Gladiator began the quest for the
                  | Orb.
     0 | D:1      | Reached XP level 1. HP: 16/16 MP: 1/1
    61 | D:1      | Gained mutation: Spells you cast may paralyse adjacent
                  | enemies. [demonic ancestry]
    61 | D:1      | Reached XP level 2. HP: 18/22 MP: 2/2
   394 | D:1      | Learned a level 1 spell: Sting
   731 | D:1      | Reached XP level 3. HP: 27/27 MP: 3/3
  1369 | D:2      | Learned a level 2 spell: Poisonous Vapours
  1906 | D:3      | Found a stormy altar of Qazlal.
  1919 | D:3      | Became a worshipper of Qazlal Stormbringer
  2062 | D:3      | Reached skill level 1 in Invocations
  2062 | D:3      | Gained mutation: You have an unusually large brain. (Int
                  | +2) [demonic ancestry]
  2062 | D:3      | Reached XP level 4. HP: 31/34 MP: 1/5
  2137 | D:3      | Found a shimmering blue altar of Sif Muna.
  2137 | D:3      | Found an iron altar of Okawaru.
  2298 | D:3      | Mangled by an iguana

Illustrated notes

Levels and vault maps discovered:
D:1:      minmay_arrival_jagged, layout_basic
D:2:      layout_basic, dilly_ecumenical_altar_fadedgnrine, roderic_lattice_a
D:3:      layout_basic, mainiacjoe_overflow_24_doors, jmf_multi_god_temple,
          serial_shops, shop, minivault_11
D:4:      layout_loops_ring, mainiacjoe_overflow_surrounded_room

Skill      XL: |  1  2  3 |
---------------+----------+-----
Dodging        | 3 |  3.2
Axes           | 3 |  3.2
Invocations    | 1 |  1.1
Fighting       | |  2.3
Staves         | |  0.1
Throwing       | |  1.8
Stealth        | |  0.2
Spellcasting   | |  0.8
Transmutations | |  0.6
Poison Magic   | |  0.9

Action                   |  1- 3 |  4- 6 || total
-------------------------+-------+-------++-------
Melee: War axe           |    78 |       ||    78
       Staff             |    36 |    22 ||    58
       Punch             |     1 |       ||     1
 Cast: Sting             |    24 |    11 ||    35
 Stab: Sleeping          |     2 |       ||     2
       Paralysed         |    13 |    10 ||    23
Armor: Leather armour    |    40 |     5 ||    45
Dodge: Dodged            |   101 |     7 ||   108

Table legend: (Time is in decaauts)
 A = Elapsed time spent in this place.
 B = Non-inter-level travel time spent in this place.
 C = Inter-level travel time spent in this place.
 D = Time resting spent in this place.
 E = Time spent auto-exploring this place.
 F = Levels seen in this place.
 G = Mean time per level.
                   A        B        C        D        E       F      G
               +--------+--------+--------+--------+--------+-----+--------+
         Total |   2339 |   2207 |    132 |      0 |   1367 |   4 |  584.8 |
       Dungeon |   2339 |   2207 |    132 |      0 |   1367 |   4 |  584.8 |
               +--------+--------+--------+--------+--------+-----+--------+

Top non-repeatable levels by time:
     D:1: 965 daAuts
     D:2: 829 daAuts
     D:3: 530 daAuts
     D:4: 14 daAuts
